 Dungeon Crawl Stone Soup version 0.29.1-15-g9cfb28693d (webtiles) character file.

Game seed: 6200008570910151131

157 QwertyIsDirtey the Cudgeller (level 5, -2/47 HPs)
             Began as a Minotaur Berserker on Mar 24, 2023.
             Was a Believer of Trog.
             Slain by a hobgoblin (6 damage)
             ... led by Robin
             ... on level 4 of the Dungeon.
             The game lasted 00:08:34 (2292 turns).

QwertyIsDirtey the Cudgeller (Minotaur Berserker)   Turns: 2292, Time: 00:08:35

Health: -2/47      AC:  2    Str: 24    XL:     5   Next: 15%
Magic:  4/4        EV: 12    Int:  4    God:    Trog [**....]
Gold:   192        SH:  0    Dex:  9    Spells: 4/4 levels left

rFire   . . .      SeeInvis .   a - +0 mace
rCold   . . .      Faith    .   (no shield)
rNeg    . . .      Spirit   .   b - +0 animal skin
rPois   .          Reflect  .   (helmet restricted)
rElec   .          Harm     .   (no cloak)
rCorr   .          Rampage  .   (no gloves)
Will    .....                   (no boots)
Stlth   +.........              (no amulet)
HPRegen 0.15/turn               (no ring)
MPRegen 0.09/turn               (no ring)

@: no status effects
A: horns 2, retaliatory headbutt
a: Renounce Religion, Berserk, Trog's Hand


You were on level 4 of the Dungeon.
You worshipped Trog.
Trog was pleased with you.
You visited 1 branch of the dungeon, and saw 4 of its levels.

You collected 192 gold pieces.

Inventory:

Hand Weapons
 a - a +0 mace (weapon)
Missiles
 l - 4 poisoned darts (quivered)
Armour
 b - a +0 animal skin (worn)
Scrolls
 c - 3 scrolls of magic mapping {unknown}
 d - 2 scrolls of vulnerability {unknown}
 g - a scroll of amnesia {unknown}
 h - a scroll of teleportation {unknown}
 i - a scroll of identify {unknown}
 j - a scroll of noise {unknown}
 m - a scroll of summoning {unknown}
Potions
 e - a potion of lignification {unknown}
 f - a potion of degeneration {unknown}
 k - 2 potions of might {unknown}


   Skills:
 + Level 4.7 Fighting
 + Level 5.5 Maces & Flails
 + Level 2.6 Armour
 + Level 3.3 Dodging
 + Level 0.6 Stealth


You had 4 spell levels left.
You didn't know any spells.
Your spell library contained the following spells:

 Spells                   Type           Power      Damage    Failure   Level
 Summon Guardian Golem    Hex/Summ       0%         N/A       86%         3
 Hailstorm                Conj/Ice       0%         3d3       99%         4
 Ice Form                 Ice/Tmut       0%         N/A       99%         4
 Simulacrum               Ice/Necr       0%         N/A       100%        6
 Orb of Destruction       Conj           0%         9d5       100%        7
 Spellforged Servitor     Conj/Summ      0%         N/A       100%        7


Dungeon Overview and Level Annotations

Branches:
Dungeon (4/15)             Temple (0/1) D:4

Altars:
Fedhas

Annotations:
D:1 1 runed translucent door
D:4 Grinder, Robin


Innate Abilities, Weirdness & Mutations

You have a pair of horns on your head.
You reflexively headbutt those who attack you in melee.


Message History

A jelly comes into view.
The ogre shouts!
The jelly quivers.
You thump the goblin!
You kill the goblin!
Trog accepts your kill.
An orc wizard comes into view. It is wielding a +0 dagger.
The goblin completely misses you. You furiously retaliate!
You headbutt the goblin!
You kill the goblin!
Trog accepts your kill.
The goblin hits you with a +0 club. x2; Robin throws the goblin at you!
The hobgoblin hits you but does no damage.
Level annotation: Grinder, Robin Welcome back, QwertyIsDirtey the Minotaur Berserker.
Trog says: Kill them all!
Press ? for a list of commands and other information.
Unknown command.
You barely miss the goblin. The goblin hits you with a +0 club.
The hobgoblin misses you. The goblin barely misses you.
You furiously retaliate!
You headbutt the goblin, but do no damage.
The goblin closely misses you. You furiously retaliate!
You headbutt the goblin!
You kill the goblin!
Trog accepts your kill.
Robin roars a battlecry!
The goblins go into a battle-frenzy!
The hobgoblin hits you.
* * * LOW HITPOINT WARNING * * *
You barely miss the goblin.
Grinder blinks!
The goblin closely misses you. The goblin hits you with a +0 club.
* * * LOW HITPOINT WARNING * * *
The hobgoblin misses you. You furiously retaliate!
You headbutt the hobgoblin!
You kill the hobgoblin!
Trog accepts your kill. The hobgoblin hits you.
* * * LOW HITPOINT WARNING * * *
The hobgoblin hits you.
You die...

##### ######## #####
....#####......# ....###
.....(..#......##.......
........#...............
........#...........5...
..[.....##.......g......
)..............†gg§.#...
[.).....[....ogg@gJ>O...
.)[#...#....#######.#...
...#...#....#
...#####....... ...#
###...... .......#
#....... .......#
#....... .......#
........ .........


You could see Grinder, an ogre, a jelly, Robin, an orc wizard, 3 hobgoblins and
2 goblins.

Vanquished Creatures
  A hound (D:4)
  An orc wizard (D:4)
  3 adders
  9 orcs
  5 ball pythons
  8 endoplasms
  A giant cockroach (D:2)
  10 goblins
  5 hobgoblins
  A kobold (D:2)
  4 quokkas
  8 bats
  7 rats
63 creatures vanquished.

Notes
Turn   | Place    | Note
-------+----------+-------------------------------------------
     0 | D:1      | QwertyIsDirtey the Minotaur Berserker began the quest for
                  | the Orb.
     0 | D:1      | Reached XP level 1. HP: 19/19 MP: 0/0
     1 | D:1      | Found a runed translucent door.
   457 | D:1      | Reached skill level 4 in Maces & Flails
   457 | D:1      | Reached XP level 2. HP: 18/27 MP: 1/1
   959 | D:2      | HP: 1/27 [poisoned by an adder]
  1030 | D:2      | Reached XP level 3. HP: 8/33 MP: 2/2
  1197 | D:2      | Reached ** piety under Trog
  1506 | D:3      | Found a faded altar of an unknown god.
  1576 | D:3      | Reached XP level 4. HP: 11/41 MP: 3/3
  1589 | D:3      | Found a blossoming altar of Fedhas.
  2108 | D:4      | Reached skill level 5 in Maces & Flails
  2110 | D:4      | Reached XP level 5. HP: 24/47 MP: 4/4
  2202 | D:4      | Found a staircase to the Ecumenical Temple.
  2284 | D:4      | Noticed Robin
  2286 | D:4      | Noticed Grinder
  2289 | D:4      | Noticed an ogre
  2292 | D:4      | Slain by a hobgoblin

Illustrated notes

Levels and vault maps discovered:
D:1:      dpeg_arrival_caged_fury, layout_basic
D:2:      layout_rooms, minmay_stone_trees_small, minmay_strange_pillars,
          minmay_rat_hole
D:3:      layout_loops_cross, nzn_overflow_gifts_of_might_and_magic,
          mainiacjoe_overflow_six_doors_small,
          hellmonk_ecumenical_altar_pennies_from_heaven
D:4:      layout_basic, general_overflow_altar, mainiacjoe_overflow_24_doors,
          minmay_temple_entry_mist, serial_shops, nicolae_diamond_shop,
          uniq_grinder, uniq_robin, uniq_ijyb

Skill      XL: |  1  2  3  4 |
---------------+-------------+-----
Fighting       | 4 |  4.7
Maces & Flails | 4 5 |  5.5
Dodging        | 3 |  3.3
Armour         | |  2.6
Stealth        | |  0.6

Action                   |  1- 3 |  4- 6 || total
-------------------------+-------+-------++-------
Melee: Mace              |    59 |    31 ||    90
       Headbutt          |     5 |     3 ||     8
       Punch             |     1 |       ||     1
Armor: Animal skin       |    38 |    12 ||    50
Dodge: Dodged            |    82 |    53 ||   135
